 Dungeon Crawl Stone Soup version 0.31-a0-175-g9f7f995f2b (webtiles) character file.

Game seed: 3514225630949383119

551 qw the Fighter (level 7, -2/85 HPs)
             Began as a Naga Hunter on June 16, 2023.
             Slain by a river rat (5 damage)
             ... summoned by Eustachio
             ... on level 4 of the Dungeon.
             The game lasted 00:01:10 (2922 turns).

qw the Fighter (Naga Hunter)                        Turns: 2922, Time: 00:01:11

Health: -2/85      AC:  8    Str: 13    XL:     7   Next: 29%
Magic:  7/7        EV: 10    Int: 10    God:
Gold:   159        SH:  0    Dex: 16    Spells: 6/6 levels left

rFire   . . .        Y - +1 shortbow
rCold   . . .        (shield currently unavailable)
rNeg    . . .        l - +2 animal skin
rPois   +            g - +0 helmet
rElec   .            i - +0 cloak
rCorr   .            k - +0 pair of gloves
SInv    +            (no barding)
Will    .....        (no amulet)
Stlth   ++           (no ring)
HPRegen 0.34/turn    (no ring)
MPRegen 0.10/turn

%: no passive effects
@: lethally poisoned (-2 -> -3), short of breath, very slow
A: AC +2, large, see invisible, deformed body, poison resistance, slowness 2,
spit poison 1, naga tail 1
a: Spit Poison


You were on level 4 of the Dungeon.
You visited 1 branch of the dungeon, and saw 7 of its levels.

You collected 159 gold pieces.


Innate Abilities, Weirdness & Mutations

Your serpentine skin is tough. (AC +2)
You have supernaturally acute eyesight. (SInv)
Armour fits poorly on your strangely shaped body.
Your system is resistant to poisons. (rPois)
You cover ground very slowly.
You can spit poison.
You have a snake-like lower body.


   Skills:
 - Level 12.9 Fighting
 - Level 6.0 Ranged Weapons
 - Level 1.0 Armour
 + Level 1.7 Dodging
 - Level 1.5 Stealth


You had 6 spell levels left.
You didn't know any spells.
Your spell library was empty.

Inventory:

Hand Weapons
 Y - a +1 shortbow (weapon)
Armour
 g - a +0 helmet (worn)
 i - a +0 cloak (worn)
 k - a +0 pair of gloves (worn)
 l - a +2 animal skin (worn)
 n - the +5 robe of Misfortune {Harm *Corrode *Slow EV+5}
   (You found it on level 4 of the Dungeon)

   EV:        It affects your evasion (+5).
   *Corrode:  It may corrode you when you take damage.
   *Slow:     It may slow you when you take damage.
   Harm:      It increases damage dealt and taken.
Jewellery
 f - a ring of fire
Scrolls
 d - a scroll of identify
Potions
 b - a potion of mutation {unknown}
 e - a potion of invisibility {unknown}
 h - a potion of enlightenment {unknown}
 j - a potion of curing
 m - a potion of berserk rage {unknown}

Dungeon Overview and Level Annotations

Branches:
Dungeon (7/15)
 Temple: D:4-7

Altars:
Ashenzari
Fedhas
Trog
Uskayaw
Zin

Annotations:
D:4 Eustachio


Message History

You shoot an arrow. The arrow hits the shadow imp!
The shadow imp is almost dead.
You feel sick. The ufetubus barely misses you. x2
The river rat barely misses you.
The shadow imp hits you but does no damage.
You shoot an arrow.
The arrow closely misses the shadow imp.
You have got your breath back.
You feel sick.
The ufetubus closely misses you. x2; The river rat bites you.
The ufetubus barely misses you. The ufetubus closely misses you.
The shadow imp closely misses you.
2919 ||| INVOKING Spit Poison.
Aiming: Spit Poison (1% risk of failure)
Press: ? - help, Shift-Dir - straight line, f - river rat, p - shadow imp The splash of poison misses the river rat.
You feel sick. The ufetubus barely misses you.
The ufetubus hits you but does no damage.
The river rat bites you but does no damage.
The shadow imp closely misses you.
You shoot an arrow. The arrow hits the shadow imp!
You kill the shadow imp!
The shadow imp disappears in a puff of smoke!
You feel sick. The ufetubus barely misses you. The ufetubus closely misses you.
The river rat bites you but does no damage.
The ufetubus hits you but does no damage.
The ufetubus closely misses you.
You shoot an arrow. The arrow closely misses the river rat.
You have got your breath back.
You feel sick. The ufetubus barely misses you. The ufetubus hits you.
The river rat bites you. The ufetubus barely misses you. The ufetubus hits you.
The river rat bites you but does no damage.
2922 ||| INVOKING Spit Poison.
Aiming: Spit Poison (1% risk of failure)
Press: ? - help, Shift-Dir - straight line, f/p - river rat The splash of poison hits the river rat.
The river rat is poisoned.
The river rat is heavily wounded.
You feel sick. The ufetubus closely misses you. The ufetubus barely misses you.
The river rat bites you.
You die...

~.~~....##.#.......#..
~.~7~..~##.. .._...^.
....~...##.# ......#
........##.# .....#
..........)# ....
..####.....####.####.#.
### #..................
#.......#..5##########
#.......##rr@..<.....#
###...#####ยค########.#
#...# #...# #..##
#....$ #.. #....## ...
.....# ......# ....


You could see a river rat (summoned, poisoned), an ufetubus (summoned) and a rat
(summoned).

Vanquished Creatures
  Ijyb (D:4)
  Natasha (thrice) (D:2)
  2 iguanas (D:4)
  An orc wizard (D:3)
  Robin (D:4)
  3 adders (D:4)
  A worm (D:3)
  2 dart slugs
  5 orcs (D:3)
  3 bats
  6 endoplasms
  3 giant cockroaches
  10 goblins
  7 hobgoblins
  6 jackals
  5 quokkas
  7 ball pythons
  A frilled lizard (D:3)
  3 kobolds
  3 rats
73 creatures vanquished.

Notes
Turn   | Place    | Note
-------+----------+-------------------------------------------
     0 | D:1      | qw the Naga Hunter began the quest for the Orb.
     0 | D:1      | Reached XP level 1. HP: 19/19 MP: 1/1
     0 | D:1      | 0 ||| qw: Version: 0.2-a-29-g511e9b1
     0 | D:1      | 0 ||| qw: Game counter: 5693
     0 | D:1      | 0 ||| qw: Always use a shield: true
     0 | D:1      | 0 ||| qw: God list: Okawaru
     0 | D:1      | 0 ||| qw: Allow faded altars: false
     0 | D:1      | 0 ||| qw: Do Orc after D:15 true
     0 | D:1      | 0 ||| qw: Do second Lair branch before Depths: true
     0 | D:1      | 0 ||| qw: Lair rune preference: random
     0 | D:1      | 0 ||| qw: Plans: Normal
     0 | D:1      | 0 ||| PLANNING D:1-11
    62 | D:1      | 62 ||| INVOKING Spit Poison.
   124 | D:1      | 124 ||| INVOKING Spit Poison.
   138 | D:1      | 138 ||| INVOKING Spit Poison.
   184 | D:1      | 184 ||| INVOKING Spit Poison.
   185 | D:1      | Reached XP level 2. HP: 26/26 MP: 2/2
   191 | D:1      | 191 ||| INVOKING Spit Poison.
   253 | D:1      | Found a faded altar of an unknown god.
   313 | D:1      | 313 ||| INVOKING Spit Poison.
   317 | D:1      | 317 ||| INVOKING Spit Poison.
   320 | D:1      | 320 ||| INVOKING Spit Poison.
   324 | D:1      | 324 ||| INVOKING Spit Poison.
   709 | D:1      | 709 ||| INVOKING Spit Poison.
   713 | D:1      | 713 ||| UPGRADING to +0 cloak.
   718 | D:1      | 718 ||| UPGRADING to +0 pair of gloves.
   723 | D:1      | 723 ||| READING scroll labelled MEUK BAVEFUBB.
   724 | D:1      | 724 ||| READING scroll labelled MITUECYUTA.
   728 | D:1      | 728 ||| READING scroll labelled WALIDO PY DODE.
   729 | D:1      | 729 ||| DRINKING 2 smoky silvery potions.
   730 | D:1      | 730 ||| DROPPING scroll of butterflies.
   731 | D:1      | 731 ||| DROPPING potion of brilliance.
   746 | D:2      | Noticed Natasha
   750 | D:2      | 750 ||| Stepping ~*~*~tactically~*~*~ (outnumbered).
   754 | D:2      | 754 ||| INVOKING Spit Poison.
   758 | D:2      | 758 ||| INVOKING Spit Poison.
   758 | D:2      | Killed Natasha
   759 | D:2      | Reached XP level 3. HP: 23/32 MP: 3/3
   792 | D:2      | 792 ||| INVOKING Spit Poison.
   824 | D:2      | 824 ||| INVOKING Spit Poison.
   832 | D:2      | 832 ||| INVOKING Spit Poison.
   833 | D:2      | Noticed Natasha
   838 | D:2      | 838 ||| INVOKING Spit Poison.
   841 | D:2      | 841 ||| INVOKING Spit Poison.
   842 | D:2      | Killed Natasha
   843 | D:2      | Reached XP level 4. HP: 17/39 MP: 4/4
   889 | D:2      | Noticed Natasha
   891 | D:2      | 891 ||| INVOKING Spit Poison.
   894 | D:2      | 894 ||| INVOKING Spit Poison.
   897 | D:2      | Killed Natasha
  1004 | D:2      | Found a broken altar of Ashenzari.
  1086 | D:2      | 1086 ||| INVOKING Spit Poison.
  1092 | D:2      | 1092 ||| INVOKING Spit Poison.
  1248 | D:2      | 1248 ||| UPGRADING to +0 helmet.
  1253 | D:2      | 1253 ||| READING scroll labelled UROOBLISEN.
  1290 | D:3      | 1290 ||| INVOKING Spit Poison.
  1308 | D:3      | 1308 ||| INVOKING Spit Poison.
  1319 | D:3      | 1319 ||| INVOKING Spit Poison.
  1322 | D:3      | 1322 ||| INVOKING Spit Poison.
  1328 | D:3      | 1328 ||| INVOKING Spit Poison.
  1334 | D:3      | 1334 ||| INVOKING Spit Poison.
  1335 | D:3      | Reached XP level 5. HP: 34/48 MP: 5/5
  1336 | D:3      | Reached skill level 3 in Fighting
  1435 | D:3      | 1435 ||| INVOKING Spit Poison.
  1439 | D:3      | 1439 ||| INVOKING Spit Poison.
  1446 | D:3      | 1446 ||| INVOKING Spit Poison.
  1566 | D:3      | Found a hide-covered altar of Uskayaw.
  1588 | D:3      | 1588 ||| INVOKING Spit Poison.
  1746 | D:3      | 1746 ||| INVOKING Spit Poison.
  1752 | D:3      | 1752 ||| INVOKING Spit Poison.
  1755 | D:3      | 1755 ||| INVOKING Spit Poison.
  1794 | D:3      | 1794 ||| INVOKING Spit Poison.
  1822 | D:3      | 1822 ||| INVOKING Spit Poison.
  1944 | D:3      | 1944 ||| INVOKING Spit Poison.
  2130 | D:3      | Found a glowing silver altar of Zin.
  2130 | D:3      | Noticed an angel
  2133 | D:3      | 2133 ||| READING scroll labelled NIRRABA FOLOT.
  2134 | D:3      | 2134 ||| READING scroll labelled BITRUST GINKIA.
  2214 | D:3      | 2214 ||| READING scroll labelled ZUXTIO YNOCWOS.
  2215 | D:3      | 2215 ||| READING scroll labelled AXAUNE BA KOURPHID.
  2239 | D:4      | You fall into a shaft and drop 3 floors!
  2274 | D:5      | Entered Level 5 of the Dungeon
  2315 | D:4      | 2315 ||| INVOKING Spit Poison.
  2366 | D:4      | 2366 ||| INVOKING Spit Poison.
  2381 | D:4      | 2381 ||| INVOKING Spit Poison.
  2389 | D:4      | 2389 ||| INVOKING Spit Poison.
  2392 | D:4      | 2392 ||| INVOKING Spit Poison.
  2393 | D:4      | Noticed Robin
  2397 | D:4      | 2397 ||| INVOKING Spit Poison.
  2401 | D:4      | 2401 ||| INVOKING Spit Poison.
  2404 | D:4      | 2404 ||| INVOKING Spit Poison.
  2408 | D:4      | Killed Robin
  2503 | D:4      | 2503 ||| INVOKING Spit Poison.
  2507 | D:4      | 2507 ||| INVOKING Spit Poison.
  2511 | D:4      | 2511 ||| INVOKING Spit Poison.
  2513 | D:4      | Reached skill level 6 in Ranged Weapons
  2515 | D:4      | Found the +5 robe of Misfortune {Harm *Corrode *Slow EV+5}
  2524 | D:4      | Found a bloodstained altar of Trog.
  2525 | D:4      | 2525 ||| INVOKING Spit Poison.
  2527 | D:4      | Noticed Ijyb
  2530 | D:4      | 2530 ||| Stepping ~*~*~tactically~*~*~ (outnumbered).
  2531 | D:4      | 2531 ||| INVOKING Spit Poison.
  2536 | D:4      | Reached XP level 6. HP: 50/56 MP: 6/6
  2594 | D:4      | 2594 ||| INVOKING Spit Poison.
  2598 | D:4      | 2598 ||| INVOKING Spit Poison.
  2644 | D:4      | 2644 ||| INVOKING Spit Poison.
  2646 | D:4      | Reached skill level 1 in Armour
  2700 | D:4      | 2700 ||| INVOKING Spit Poison.
  2711 | D:4      | 2711 ||| INVOKING Spit Poison.
  2718 | D:4      | 2718 ||| INVOKING Spit Poison.
  2723 | D:4      | 2723 ||| INVOKING Spit Poison.
  2725 | D:4      | HP: 14/56 [Ijyb/+0 club (5)]
  2727 | D:4      | 2727 ||| INVOKING Spit Poison.
  2727 | D:4      | Killed Ijyb
  2778 | D:4      | 2778 ||| FLEEEEING.
  2782 | D:4      | Found a blossoming altar of Fedhas.
  2788 | D:4      | 2788 ||| STAIRDANCE
  2879 | D:3      | 2879 ||| UPGRADING to +2 animal skin.
  2889 | D:3      | 2889 ||| DROPPING +0 leather armour.
  2890 | D:3      | 2890 ||| READING 2 scrolls of identify.
  2890 | D:3      | 2890 ||| IDENTIFYING metallic puce potion
  2891 | D:3      | 2891 ||| DRINKING potion of experience.
  2891 | D:3      | Reached skill level 12 in Fighting
  2891 | D:3      | Reached XP level 7. HP: 85/85 MP: 7/7
  2896 | D:4      | Noticed Eustachio
  2897 | D:4      | 2897 ||| INVOKING Spit Poison.
  2900 | D:4      | 2900 ||| INVOKING Spit Poison.
  2906 | D:4      | 2906 ||| INVOKING Spit Poison.
  2912 | D:4      | 2912 ||| INVOKING Spit Poison.
  2916 | D:4      | HP: 20/85 [poisoned by Eustachio]
  2919 | D:4      | 2919 ||| INVOKING Spit Poison.
  2921 | D:4      | HP: 9/85 [poisoned by Eustachio]
  2921 | D:4      | HP: 4/85 [river rat[Eustachio] (3)]
  2922 | D:4      | 2922 ||| INVOKING Spit Poison.
  2922 | D:4      | Slain by a river rat

Levels and vault maps discovered:
D:1:      minmay_arrival_four_houses, layout_basic,
          hellmonk_ecumenical_altar_heavens_door
D:2:      layout_rooms, basic_altar, uniq_natasha
D:3:      layout_basic, zin_angel, nicolae_uskayaw_murder_on_the_dancefloor
D:4:      layout_loops_ring, kennysheep_okawaru_gauntlet, lemuel_tele_altar,
          mainiacjoe_overflow_paths, serial_rivers,
          chequers_serial_rivers_small_3, chequers_serial_rivers_room_a,
          chequers_serial_rivers_micro_e, chequers_serial_rivers_micro_c,
          chequers_serial_rivers_large_a, chequers_serial_rivers_marsh,
          uniq_eustachio, uniq_robin, uniq_ijyb
D:5:      layout_basic, nicolae_hepliaklqana_hippocampus, elyvilon_altar_5,
          uniq_sigmund
D:6:      layout_loops_ring, minmay_temple_entry_arrows,
          kennysheep_generic_room_4
D:7:      layout_rooms, serial_bayou_lake_a

Skill      XL: |  1  2  3  4  5  6 |
---------------+-------------------+-----
Ranged Weapons | 4 5 6 |  6.0
Fighting       | 3 12 | 12.9
Armour         | 1 |  1.0
Dodging        | |  1.7
Stealth        | |  1.5

Action                     |  1- 3 |  4- 6 |  7- 9 || total
---------------------------+-------+-------+-------++-------
   Fire: Shortbow          |    51 |   115 |    20 ||   186
Ability: Spit Poison       |    17 |    41 |     6 ||    64
    Use: Scroll            |     3 |     6 |       ||     9
         Potion            |     1 |     1 |       ||     2
 Armour: Leather armour    |     4 |    32 |       ||    36
         Animal skin       |       |       |    17 ||    17
  Dodge: Dodged            |    13 |    31 |    32 ||    76

Table legend:
 A = Non-vault XP
 B = Vault XP
 C = Vault XP percentage of total XP
 D = Non-vault monster count
 E = Vault monster count
 F = Vault count percentage of total count
                 A         B        C        D         E       F
            +---------+---------+-------+---------+---------+-------
      Total |     323 |     102 |  24.0 |      60 |      13 |  17.8
            +---------+---------+-------+---------+---------+-------
        D:1 |      28 |       0 |   0.0 |      15 |       0 |   0.0
        D:2 |      88 |      35 |  28.5 |      11 |       1 |   8.3
        D:3 |      76 |       0 |   0.0 |      19 |       0 |   0.0
        D:4 |     131 |      67 |  33.8 |      15 |      12 |  44.4
            +---------+---------+-------+---------+---------+-------
